 Dungeon Crawl Stone Soup version 0.21-a0-633-g4c047d5 (webtiles) character file.

1521 Lanoc the Conjurer (level 8, -10/58 HPs)
             Began as a Gnoll Conjurer on Dec 28, 2017.
             Was an Initiate of Vehumet.
             Mangled by Duvessa
             ... wielding a +0 short sword
              (15 damage)
             ... on level 7 of the Dungeon.
             The game lasted 00:20:17 (7581 turns).

Lanoc the Conjurer (Gnoll Conjurer)                 Turns: 7581, Time: 00:20:18

Health: -10/58     AC:  2    Str: 10    XL:     8   Next: 84%
Magic:  0/32       EV: 16    Int: 20    God:    Vehumet [......]
Gold:   375        SH:  0    Dex: 16    Spells: 10/19 levels left

rFire    . . .     SeeInvis +   g - staff of power
rCold    . . .     Gourm    .   (no shield)
rNeg     . . .     Faith    .   a - +0 robe
rPois    .         Spirit   .   (no helmet)
rElec    .         Reflect  .   (no cloak)
rCorr    .         Harm     .   (no gloves)
MR       .....                  (no boots)
Stlth    +++.......             (no amulet)
HPRegen  0.19/turn              f - ring of see invisible
MPRegen  0.23/turn              m - ring of wizardry

@: very slightly contaminated
A: distributed training, fangs 1, strong nose
a: Renounce Religion


You were on level 7 of the Dungeon.
You worshipped Vehumet.
Vehumet was noncommittal.
You were hungry.

You visited 2 branches of the dungeon, and saw 8 of its levels.
You also visited: Sewer.

You collected 375 gold pieces.

Inventory:

Hand Weapons
 A - a +2 flail of protection
Missiles
 d - 114 bolts
 o - 41 sling bullets
 u - 92 arrows
 w - 3 javelins (quivered)
 y - 4 steel tomahawks
Armour
 a - a +0 robe (worn)
Magical Staves
 g - an uncursed staff of power (weapon)
Jewellery
 f - a ring of see invisible (left hand)
 m - a ring of wizardry (right hand)
 n - an uncursed amulet of faith
Wands
 s - a wand of iceblast (9)
Scrolls
 h - 3 scrolls of amnesia
 j - a scroll of teleportation
 l - 2 scrolls of remove curse
 r - a scroll of random uselessness {unknown}
 t - 3 scrolls of fear {unknown}
 z - a scroll of identify
Potions
 e - a potion of lignification {unknown}
 i - 3 potions of curing
 k - 2 potions of might {unknown}
 p - 2 potions of flight
 q - a potion of heal wounds {unknown}
Books
 b - a book of Conjurations

   Spells                             Type                      Level
   a - Magic Dart                     Conjuration                  1
   b - Searing Ray                    Conjuration                  2
   c - Dazzling Spray                 Conjuration/Hexes            3
   d - Fulminant Prism                Conjuration/Hexes            4
   e - Force Lance                    Conjuration/Translocation    4
   f - Iskenderun's Mystic Blast      Conjuration                  4
Comestibles
 c - 3 rations


   Skills:
 + Level 3.5 Fighting
 + Level 3.5 Short Blades
 + Level 3.5 Long Blades
 + Level 3.5 Axes
 + Level 3.5 Maces & Flails
 + Level 3.5 Polearms
 + Level 3.5 Staves
 + Level 3.5 Slings
 + Level 3.5 Bows
 + Level 3.5 Crossbows
 + Level 3.5 Throwing
 + Level 3.5 Armour
 + Level 5.8 Dodging
 + Level 5.5 Stealth
 + Level 3.5 Shields
 + Level 3.5 Unarmed Combat
 + Level 6.2 Spellcasting
 + Level 7.7 Conjurations
 + Level 2.9 Hexes
 + Level 2.9 Charms
 + Level 2.9 Summonings
 + Level 2.9 Necromancy
 + Level 2.9 Translocations
 + Level 2.9 Transmutations
 + Level 2.9 Fire Magic
 + Level 2.9 Ice Magic
 + Level 2.9 Air Magic
 + Level 2.9 Earth Magic
 + Level 2.9 Poison Magic
 + Level 3.9 Invocations
 + Level 3.5 Evocations


You had 10 spell levels left.
You knew the following spells:

 Your Spells              Type           Power        Failure   Level  Hunger
a - Magic Dart            Conj           ####         1%          1    None
b - Force Lance           Conj/Tloc      ####....     4%          4    ####...
c - Iskenderun's Mystic   Conj           #####...     1%          4    ####...


Dungeon Overview and Level Annotations

Branches:
Dungeon (7/15)             Temple (1/1) D:7

Altars:
Ashenzari
Cheibriados
Dithmenos
Elyvilon
Fedhas
Gozag
Hepliaklqana
Kikubaaqudgha
Makhleb
Nemelex Xobeh
Okawaru
Qazlal
Ru
Sif Muna
Trog
Uskayaw
Vehumet
Wu Jian
Xom
Yredelemnul
Zin
The Shining One

Shops:
D:4 [(}}

Annotations:
D:7 Duvessa


Innate Abilities, Weirdness & Mutations

Your experience applies equally to all skills.
You have very sharp teeth.
Your uncanny sense of smell can sniff out nearby items.


Message History

Aim: Duvessa, wielding a short sword and wearing a leather armour (almost dead, berserk, fast, unusually strong)
The magic dart hits Duvessa.
Duvessa is almost dead.
Duvessa hits you with a short sword!
You barely miss Duvessa.
Duvessa is almost dead.
Duvessa barely misses you. Duvessa hits you with a short sword!
* * * LOW HITPOINT WARNING * * *
You feel better. Duvessa hits you with a short sword!
* * * LOW HITPOINT WARNING * * *
Duvessa hits you but does no damage.
Casting: Magic Dart
Confirm with . or Enter, or press ? or * to list all spells.
Aiming: Magic Dart
Press: ? - help, Shift-Dir - straight line, f/p - Duvessa
Aim: Duvessa, wielding a short sword and wearing a leather armour (almost dead, berserk, fast, unusually strong)
The magic dart hits Duvessa.
Duvessa is almost dead.
Duvessa hits you with a short sword!
You die...

...........### #...##
##..## ##
.............###...##
#...####.
.......###.......##.#
#........ ......##
##......####
#........ ....#..#
#.#...## ##....###.
....##.# ####..##
#####....## ##
.....###
##..###.......## #
.....# #............#
.....##
###.@..........##
......#
#..e#####.......##
......###........#
###......##
............##...#
#..##...###
........### #..)# #..
###...# ......###
#.... #.. ##...
......# ...... #..
###. ......# ..#...
#. ## ......## #.#
#... #


You could see Duvessa (berserk).

Vanquished Creatures
  Grinder (D:5)
  Edmund (D:6)
  2 sky beasts (D:7)
  A black bear (D:7)
  A necrophage (D:6)
  An ogre (D:6)
  A big kobold (Sewer)
  Dowan (D:7)
  A crimson imp (D:7)
  An orc priest (D:4)
  3 orc wizards
  Natasha (thrice) (D:4)
  4 worker ants
  11 adders
  7 gnolls
  A river rat (Sewer)
  A shadow imp (D:7)
  An ooze (D:3)
  5 worms
  2 dart slugs
  2 leopard geckos (D:4)
  8 orcs
  6 giant cockroaches
  7 goblins
  8 hobgoblins
  5 jackals
  10 kobolds
  2 quokkas
  3 ball pythons
  5 bats
  4 frilled lizards
  A quokka skeleton (D:4)
  15 rats
125 creatures vanquished.

Vanquished Creatures (others)
  A ball python (D:4)
1 creature vanquished.

Grand Total: 126 creatures vanquished

Notes
Turn   | Place    | Note
-------+----------+-------------------------------------------
     0 | D:1      | Lanoc the Gnoll Conjurer began the quest for the Orb.
     0 | D:1      | Reached XP level 1. HP: 13/13 MP: 6/6
    97 | D:1      | Reached XP level 2. HP: 12/19 MP: 3/7
   951 | D:2      | Reached XP level 3. HP: 25/25 MP: 6/9
  1050 | D:2      | Reached skill level 5 in Spellcasting
  1204 | D:2      | Reached skill level 1 in Invocations
  1455 | D:2      | Reached skill level 1 in Fighting
  1455 | D:2      | Reached skill level 1 in Short Blades
  1455 | D:2      | Reached skill level 1 in Long Blades
  1455 | D:2      | Reached skill level 1 in Axes
  1455 | D:2      | Reached skill level 1 in Maces & Flails
  1455 | D:2      | Reached skill level 1 in Polearms
  1455 | D:2      | Reached skill level 1 in Staves
  1455 | D:2      | Reached skill level 1 in Slings
  1455 | D:2      | Reached skill level 1 in Bows
  1455 | D:2      | Reached skill level 1 in Crossbows
  1455 | D:2      | Reached skill level 1 in Throwing
  1455 | D:2      | Reached skill level 1 in Armour
  1455 | D:2      | Reached skill level 1 in Shields
  1455 | D:2      | Reached skill level 1 in Unarmed Combat
  1455 | D:2      | Reached skill level 1 in Evocations
  1455 | D:2      | Reached XP level 4. HP: 32/32 MP: 7/11
  1592 | D:3      | Learned a level 4 spell: Force Lance
  1597 | D:3      | Learned a level 4 spell: Iskenderun's Mystic Blast
  1905 | D:3      | Reached skill level 1 in Hexes
  1905 | D:3      | Reached skill level 1 in Charms
  1905 | D:3      | Reached skill level 1 in Summonings
  1905 | D:3      | Reached skill level 1 in Necromancy
  1905 | D:3      | Reached skill level 1 in Translocations
  1905 | D:3      | Reached skill level 1 in Transmutations
  1905 | D:3      | Reached skill level 1 in Fire Magic
  1905 | D:3      | Reached skill level 1 in Ice Magic
  1905 | D:3      | Reached skill level 1 in Air Magic
  1905 | D:3      | Reached skill level 1 in Earth Magic
  1905 | D:3      | Reached skill level 1 in Poison Magic
  1940 | D:2      | Reached XP level 5. HP: 22/37 MP: 3/12
  2861 | D:4      | Found Puireh's Armour Shop.
  2875 | D:4      | Found Ukiusm Moela's Antique Weapon Boutique.
  2939 | D:4      | Reached XP level 6. HP: 44/44 MP: 10/13
  2969 | D:4      | Found a glowing drain.
  3043 | Sewer    | Entered a sewer
  3138 | Sewer    | Reached skill level 5 in Dodging
  3217 | Sewer    | Found a glowing silver altar of Zin.
  3332 | D:4      | Noticed Natasha
  3595 | D:4      | Found a sacrificial altar of Ru.
  3600 | D:4      | Killed Natasha
  3717 | D:4      | Found a stormy altar of Qazlal.
  3755 | D:4      | Found Rubuv's Gadget Shop.
  3767 | D:4      | Noticed Natasha
  3771 | D:4      | Killed Natasha
  3771 | D:4      | Reached XP level 7. HP: 27/50 MP: 4/15
  3982 | D:4      | Found Niuphad's Gadget Boutique.
  4318 | D:4      | Noticed Natasha
  4319 | D:4      | Killed Natasha
  4650 | D:5      | Entered Level 5 of the Dungeon
  4658 | D:5      | Noticed Grinder
  4668 | D:5      | Paralysed by Grinder for 3 turns
  4679 | D:5      | Killed Grinder
  4679 | D:5      | Reached skill level 5 in Stealth
  5102 | D:5      | Noticed an angel
  5103 | D:5      | Found a shimmering altar of Xom.
  5104 | D:5      | Found a glowing silver altar of Zin.
  5232 | D:5      | Found a white marble altar of Elyvilon.
  5239 | D:5      | Found a shattered altar of Ashenzari.
  5244 | D:5      | Found a hide-covered altar of Uskayaw.
  5255 | D:5      | Found a radiant altar of Vehumet.
  5263 | D:5      | Found a deep blue altar of Sif Muna.
  5268 | D:5      | Found a blossoming altar of Fedhas.
  5275 | D:5      | Found a sparkling altar of Nemelex Xobeh.
  5309 | D:5      | Became a worshipper of Vehumet
  5337 | D:5      | Found an ornate altar of the Wu Jian Council.
  5789 | D:6      | Found a burning altar of Makhleb.
  5827 | D:6      | Reached XP level 8. HP: 45/56 MP: 0/16
  6034 | D:6      | Found a blossoming altar of Fedhas.
  6039 | D:6      | Noticed Edmund
  6057 | D:6      | Killed Edmund
  6754 | D:7      | Noticed Dowan
  7121 | D:7      | Found a staircase to the Ecumenical Temple.
  7185 | Temple   | Entered the Ecumenical Temple
  7567 | D:7      | Noticed Duvessa
  7572 | D:7      | Killed Dowan
  7581 | D:7      | Mangled by Duvessa

Vault maps used:
D:1:      lemuel_arrival_river_bridge, serial_bayou_crossing
D:2:      first_ration
D:3:      hex_large
D:4:      grunt_qazlal_clouds, overflow_temple_1_default, serial_shops, shop,
          nicolae_shop_competitors_out_of_business, shop, kennysheep_little_box,
          gup_sewer_entry_spiral, uniq_natasha
D:5:      grunt_temple_overflow_order_and_chaos_1,
          grunt_temple_overflow_octagram, kennysheep_mini, uniq_grinder
D:6:      kennysheep_mini_moat, fedhas_altar_1, uniq_edmund
D:7:      temple_doors_e, uniq_duvessa
Temple:   compressed_dpeg_triangle_lava_temple
Sewer:    sewer_kobolds

Skill      XL: |  1  2  3  4  5  6  7  8 |
---------------+-------------------------+-----
Spellcasting   | 5 6 |  6.2
Invocations    | 1 2 3 |  3.9
Fighting       | 1 2 3 |  3.5
Short Blades   | 1 2 3 |  3.5
Long Blades    | 1 2 3 |  3.5
Axes           | 1 2 3 |  3.5
Maces & Flails | 1 2 3 |  3.5
Polearms       | 1 2 3 |  3.5
Staves         | 1 2 3 |  3.5
Slings         | 1 2 3 |  3.5
Bows           | 1 2 3 |  3.5
Crossbows      | 1 2 3 |  3.5
Throwing       | 1 2 3 |  3.5
Armour         | 1 2 3 |  3.5
Shields        | 1 2 3 |  3.5
Unarmed Combat | 1 2 3 |  3.5
Evocations     | 1 2 3 |  3.5
Hexes          | 1 2 |  2.9
Charms         | 1 2 |  2.9
Summonings     | 1 2 |  2.9
Necromancy     | 1 2 |  2.9
Translocations | 1 2 |  2.9
Transmutations | 1 2 |  2.9
Fire Magic     | 1 2 |  2.9
Ice Magic      | 1 2 |  2.9
Air Magic      | 1 2 |  2.9
Earth Magic    | 1 2 |  2.9
Poison Magic   | 1 2 |  2.9
Dodging        | 5 |  5.8
Stealth        | 5 |  5.5
Conjurations   | |  7.7

Action                   |  1- 3 |  4- 6 |  7- 9 || total
-------------------------+-------+-------+-------++-------
Melee: Dagger            |    40 |   105 |    33 ||   178
       Bite              |     3 |    17 |     3 ||    23
       Punch             |       |       |     2 ||     2
       Flail             |       |       |    14 ||    14
       Staff             |       |       |     1 ||     1
 Cast: Magic Dart        |    69 |    68 |    47 ||   184
       Iskenderun's Myst |       |    19 |    35 ||    54
  Use: Scroll            |       |     7 |       ||     7
       Potion            |       |     4 |     2 ||     6
 Stab: Sleeping          |       |     5 |     2 ||     7
  Eat: Chunk             |     2 |    10 |     9 ||    21
       Ration            |       |       |     2 ||     2
Armor: Robe              |     5 |     3 |     2 ||    10
Dodge: Dodged            |    29 |    96 |    29 ||   154

Table legend:
 A = Spawn XP
 B = Non-spawn XP
 C = Spawn XP percentage of total XP
 D = Spawn monster count
 E = Non-spawn monster count
 F = Spawn count percentage of total count
 G = Total turns spent on level
                    A         B        C        D         E        F      G
               +---------+---------+-------+---------+---------+-------+---------
         Total |       0 |    2174 |   0.0 |       0 |     125 |   0.0 |  7581
               +---------+---------+-------+---------+---------+-------+---------
           D:1 |       0 |      31 |   0.0 |       0 |      18 |   0.0 |   904
           D:2 |       0 |      73 |   0.0 |       0 |      24 |   0.0 |   810
           D:3 |       0 |     178 |   0.0 |       0 |      25 |   0.0 |  1144
           D:4 |       0 |     425 |   0.0 |       0 |      25 |   0.0 |  1553
           D:5 |       0 |     348 |   0.0 |       0 |       7 |   0.0 |  1122
           D:6 |       0 |     446 |   0.0 |       0 |       7 |   0.0 |   694
           D:7 |       0 |     544 |   0.0 |       0 |       8 |   0.0 |   898
         Sewer |       0 |     129 |   0.0 |       0 |      11 |   0.0 |   239
               +---------+---------+-------+---------+---------+-------+---------
